 Dungeon Crawl Stone Soup version 0.21-a0-13-g3fd62ac (webtiles) character file.

2316 scalarboson the Spear-Bearer (level 9, -1/69 HPs)
             Began as a Merfolk Monk on May 23, 2017.
             Was a Believer of Qazlal.
             Slain by a two-headed ogre
             ... wielding a +0 giant club
              (20 damage)
             ... on level 8 of the Dungeon on May 24, 2017.
             The game lasted 00:21:40 (8553 turns).

scalarboson the Spear-Bearer (Merfolk Monk)         Turns: 8553, Time: 00:21:44

Health: -1/69      AC:  4    Str: 14    XL:     9   Next: 41%
Magic:  15/15      EV: 16    Int: 10    God:    Qazlal [**....]
Gold:   673        SH: 15    Dex: 20    Spells: 15/16 levels left

rFire    + . .     SeeInvis .   t - +2 spear (curse)
rCold    . . .     Gourm    .   m - +2 shield
rNeg     . . .     Faith    .   f - +0 leather armour
rPois    +         Spirit   .   (no helmet)
rElec    .         Reflect  .   (no cloak)
rCorr    .         Harm     .   w - +0 pair of gloves (curse)
MR       .....                  (no boots)
Stlth    ++........             (no amulet)
Regen    0.3/turn               u - +2 ring of evasion
MPRegen  0.2/turn               o - +4 ring of dexterity

@: no status effects
A: change form in water, swift swim, stealthy swim, fire resistance 1, poison
resistance, MP-powered wands
a: Upheaval, Renounce Religion


You were on level 8 of the Dungeon.
You worshipped Qazlal.
Qazlal was pleased with you.
You were not hungry.

You visited 2 branches of the dungeon, and saw 9 of its levels.
You also visited: Ossuary.

You collected 673 gold pieces.

Inventory:

Hand Weapons
 t - a cursed +2 spear (weapon)
Armour
 f - a +0 leather armour (worn)
 m - a +2 shield (worn)
 w - a cursed +0 pair of gloves (worn)
Jewellery
 b - an uncursed ring of wizardry
 o - a +4 ring of dexterity (right hand)
 u - a +2 ring of evasion (left hand)
Wands
 a - a wand of disintegration (14/24)
 l - a wand of disintegration (10/24)
 n - a wand of disintegration (7/24)
 s - a wand of iceblast (5/15)
 x - a wand of confusion (18/48)
 z - a wand of clouds (2/9)
Scrolls
 d - a scroll of blinking
 e - a scroll of remove curse
 h - 3 scrolls of teleportation
 p - 5 scrolls of amnesia
 y - 2 scrolls of identify
Potions
 r - a potion of berserk rage
 v - 2 potions of agility
 A - a potion of might
Books
 q - a book of Cantrips

   Spells                             Type                      Level
   a - Confusing Touch                Hexes                        1
   b - Animate Skeleton               Necromancy                   1
   c - Summon Small Mammal            Summoning                    1
   d - Apportation                    Translocation                1
Comestibles
 c - 3 bread rations
 g - 3 meat rations
 i - 2 fruits
 j - 2 royal jellies


   Skills:
 + Level 5.9 Fighting
 - Level 12.0 Polearms
 + Level 6.4 Dodging
 - Level 2.1 Stealth
 + Level 5.0 Shields
 * Level 4.1 Spellcasting


You had 15 spell levels left.
You knew the following spells:

 Your Spells              Type           Power        Failure   Level  Hunger
a - Animate Skeleton      Necr           N/A          75%         1    #......


Dungeon Overview and Level Annotations

Branches:
Dungeon (8/15)             Temple (1/1) D:6
   Lair: D:8-11

Altars:
Cheibriados
Fedhas
Hepliaklqana
Kikubaaqudgha
Makhleb
Okawaru
Qazlal
Ru
Sif Muna
Vehumet
Wu Jian
Yredelemnul
Zin
The Shining One

Annotations:
D:3 kazak's ghost, amateur OgTm


Innate Abilities, Weirdness & Mutations

You revert to your normal form in water.
You are very nimble and swift while swimming.
You are very stealthy in the water. (Stealth+)
Your flesh is heat resistant. (rF+)
Your system is resistant to poisons. (rPois)
You expend magic power (3 MP) to strengthen your wands.


Message History

The two-headed ogre is moderately wounded.
You block the two-headed ogre's attack.
The two-headed ogre completely misses you.
You hit the two-headed ogre.
The two-headed ogre is moderately wounded.
You puncture the two-headed ogre!
The two-headed ogre is heavily wounded.
You hit the two-headed ogre.
The two-headed ogre is heavily wounded.
You block the two-headed ogre's attack.
The two-headed ogre hits you with a giant club!!
You hit the two-headed ogre but do no damage.
The two-headed ogre is heavily wounded.
You hit the two-headed ogre.
The two-headed ogre is heavily wounded.
The two-headed ogre is engulfed in blazing flames.
The two-headed ogre hits you with a giant club!!
* * * LOW HITPOINT WARNING * * *
The two-headed ogre hits you with a giant club!!
You die...

#.......P....#.##........# #..#.
.....P..................####..#.
..P..P....###...####....#.
.P...P.PP.###........##...
P.P.P.P....##.##.....##..#
.PPP.####PPPP.....##.........#
...P.. #...P.....##.####...##
...PP.. #P...O..#.##.# #...##
.....P.P#+##.P.P@.##..>.# #....#
....P.PPP...P..§.§....######....#
.....P.......P....##.......###...
.......PP.P.P...........####.....
......P..P..)...........#PP......
...........P.....####..#P_.....#
####.##)........#..# #..#PPP##..#
.........####......####.#####...#
.....##..#...........##..#.##.###


You could see a two-headed ogre.

Vanquished Creatures
  Grum (D:8)
  Menkaure (D:7)
  A black bear (D:8)
  A centaur (D:7)
  5 ogres
  4 wolves (D:8)
  A big kobold (D:7)
  A bullfrog (D:8)
  2 scorpions
  5 wights (D:7)
  4 crimson imps
  A hound (D:8)
  An orc wizard (D:6)
  7 worker ants
  8 mummies (Ossuary)
  A howler monkey zombie (D:6)
  6 gnolls
  5 adders
  3 shadow imps
  A worm (D:2)
  3 dart slugs
  10 leopard geckos
  4 orcs
  5 giant cockroaches
  2 gnoll zombies (Ossuary)
  9 goblins
  7 hobgoblins
  3 quokkas
  5 ball pythons
  6 bats
  6 frilled lizards
  A hobgoblin zombie (Ossuary)
  14 kobolds
  5 kobold zombies (Ossuary)
  2 leopard gecko skeletons (D:4)
  A quokka skeleton (D:5)
  8 rats
150 creatures vanquished.

Notes
Turn   | Place    | Note
-------+----------+-------------------------------------------
     0 | D:1      | scalarboson the Merfolk Monk began the quest for the Orb.
     0 | D:1      | Reached XP level 1. HP: 18/18 MP: 1/1
   262 | D:1      | Reached skill level 5 in Polearms
   267 | D:1      | Reached XP level 2. HP: 21/24 MP: 2/2
   761 | D:2      | Reached skill level 6 in Polearms
   761 | D:2      | Reached XP level 3. HP: 24/29 MP: 3/3
  1330 | D:2      | Reached XP level 4. HP: 25/35 MP: 4/4
  1476 | D:2      | Reached skill level 7 in Polearms
  2107 | D:3      | You fall through a shaft!
  2195 | D:4      | Reached skill level 8 in Polearms
  2195 | D:4      | Reached XP level 5. HP: 30/41 MP: 5/5
  2201 | D:4      | Found an ornate altar of the Wu Jian Council.
  2202 | D:4      | Found a burning altar of Makhleb.
  2568 | D:3      | Found a glowing silver altar of Zin.
  2582 | D:3      | Learned a level 1 spell: Animate Skeleton
  2648 | D:3      | Noticed kazak's ghost (amateur OgTm)
  3277 | D:4      | Gained mutation: Your system is resistant to poisons. (rPois) [potion of mutation]
  3277 | D:4      | Gained mutation: You expend magic power (3 MP) to strengthen your wands. [potion of mutation]
  3277 | D:4      | Gained mutation: Your flesh is heat resistant. (rF+) [potion of mutation]
  3283 | D:4      | Noticed an ogre
  3301 | D:4      | HP: 2/41 [ogre/giant club (17)]
  3690 | D:4      | Reached skill level 9 in Polearms
  3877 | D:4      | Killed an ogre
  3877 | D:4      | Reached skill level 10 in Polearms
  3877 | D:4      | Reached XP level 6. HP: 47/47 MP: 6/6
  4255 | D:3      | Reached XP level 7. HP: 33/52 MP: 7/7
  4401 | D:5      | Entered Level 5 of the Dungeon
  4540 | D:5      | Reached skill level 11 in Polearms
  4689 | D:5      | Found a glowing golden altar of the Shining One.
  5354 | D:6      | Found a sand-covered staircase.
  5359 | Ossuary  | Entered an ossuary
  6075 | D:6      | Found a staircase to the Ecumenical Temple.
  6084 | D:6      | Reached skill level 12 in Polearms
  6090 | Temple   | Entered the Ecumenical Temple
  6129 | Temple   | Became a worshipper of Qazlal Stormbringer
  6129 | Temple   | Reached * piety under Qazlal
  6129 | Temple   | Reached ** piety under Qazlal
  6374 | D:6      | Reached skill level 1 in Shields
  6374 | D:6      | Reached skill level 1 in Spellcasting
  6385 | D:6      | Reached XP level 8. HP: 60/60 MP: 7/10
  6750 | D:7      | Reached skill level 5 in Dodging
  7166 | D:7      | Noticed Menkaure
  7176 | D:7      | Killed Menkaure
  7575 | D:7      | Reached skill level 5 in Fighting
  7937 | D:8      | Reached XP level 9. HP: 35/68 MP: 14/14
  8074 | D:8      | Noticed Grum
  8108 | D:8      | Killed Grum
  8150 | D:8      | Reached skill level 5 in Shields
  8337 | D:8      | Found a blossoming altar of Fedhas.
  8341 | D:8      | Found an ancient bone altar of Kikubaaqudgha.
  8538 | D:8      | Noticed a two-headed ogre
  8553 | D:8      | Slain by a two-headed ogre

Vault maps used:
D:1:      dpeg_arrival_ratfight
D:2:      kb_forest_paths, first_bread, eino_tiny_chamber, minmay_tall_x
D:3:      nicolae_overflow_crystal_walls
D:4:      chequers_temple_overflow_statue_of_worship
D:5:      tso_metal_star, serial_bayou_lagoon_a
D:6:      minmay_temple_entry_junction, enter_ossuary_2, st_stairs_8
D:7:      uniq_menkaure
D:8:      grunt_temple_overflow_growth_and_decay, cheibrodos_ashenzari_chains,
          grunt_lair_entry_orc_guard_hut, uniq_grum
Temple:   regret_index_temple_waves
Ossuary:  ossuary_tomb_3

Skill      XL: |  1  2  3  4  5  6  7  8  9 |
---------------+----------------------------+-----
Polearms       | 5 6 8 10 12 | 12.0
Shields        | 1 4 5 |  5.0
Spellcasting   | 1 3 4 |  4.1
Fighting       | 5 |  5.9
Dodging        | 5 6 |  6.4
Stealth        | |  2.1

Action                   |  1- 3 |  4- 6 |  7- 9 || total
-------------------------+-------+-------+-------++-------
Melee: Spear             |   105 |   294 |   498 ||   897
Invok: Upheaval          |       |       |     3 ||     3
  Use: Potion            |     1 |     6 |    13 ||    20
       Scroll            |       |    10 |     6 ||    16
 Stab: Sleeping          |     9 |    15 |     6 ||    30
       Distracted        |       |       |     1 ||     1
  Eat: Chunk             |       |    11 |     6 ||    17
       Meat ration       |       |       |     2 ||     2
Armor: Leather armour    |     8 |    27 |    32 ||    67
       Robe              |     1 |       |       ||     1
       Skin              |       |       |    18 ||    18
Dodge: Dodged            |    32 |    68 |   108 ||   208
Block: Shield            |    12 |    72 |   183 ||   267
